 Dungeon Crawl Stone Soup version 0.32-a0-468-g38b2580584 (webtiles) character file.

Game seed: 12090056319373958752

541 CougarLife the Digger (level 7, 36/36 HPs)
             Began as a Gargoyle Earth Elementalist on Feb 25, 2024.
             Quit the game on level 4 of the Dungeon.
             The game lasted 00:03:43 (4987 turns).

CougarLife the Digger (Gargoyle Earth Elementalist) Turns: 4987, Time: 00:03:43

Health: 36/36      AC: 12    Str: 12    XL:     7   Next: 26%
Magic:  13/13      EV: 11    Int: 17    God:
Gold:   188        SH:  0    Dex: 10    Spells: 10/14 levels left

rFire   . . .        q - +0 dagger
rCold   . . .        (no shield)
rNeg    + . .        a - +0 robe
rPois   ∞            p - +0 helmet
rElec   +            (no cloak)
rCorr   .            r - +0 pair of gloves
SInv    +            (no boots)
Will    .....        (no amulet)
Stlth   ++           h - ring of see invisible
HPRegen 0.26/turn    s - +4 ring of protection
MPRegen 0.13/turn

%: no passive effects
@: no status effects
A: sickness immunity, AC +4, negative energy resistance 1, electricity
resistance, torment resistance 1, petrification resistance
a: no special abilities


You were on level 4 of the Dungeon.
You visited 1 branch of the dungeon, and saw 4 of its levels.
You also visited: Sewer.

You collected 188 gold pieces.

Inventory:

Hand Weapons
 q - a +0 dagger (weapon)
Armour
 a - a +0 robe (worn)
 p - a +0 helmet (worn)
 r - a +0 pair of gloves (worn)
Jewellery
 h - a ring of see invisible (left hand)
 s - a +4 ring of protection (right hand)
 u - a ring of positive energy
Scrolls
 c - 3 scrolls of noise {unknown}
 e - 5 scrolls of identify {unknown}
 g - a scroll of butterflies {unknown}
 i - a scroll of brand weapon {unknown}
 l - 2 scrolls of revelation {unknown}
 o - a scroll of immolation {unknown}
Potions
 b - a potion of magic
 d - 5 potions of heal wounds {unknown}
 f - 4 potions of might {unknown}
 j - a potion of degeneration {unknown}
 k - 2 potions of attraction {unknown}
 m - a potion of curing {unknown}
 n - 3 potions of brilliance {unknown}
 t - 2 potions of mutation {unknown}
 v - a potion of haste {unknown}
 w - a potion of experience {unknown}
 x - 2 potions of ambrosia {unknown}


   Skills:
 - Level 1.5 Dodging
 - Level 2.1 Stealth
 + Level 4.4 Spellcasting
 + Level 4.7 Conjurations
 + Level 6.3 Earth Magic


You had 10 spell levels left.
You knew the following spells:

 Your Spells              Type           Power      Damage    Failure   Level
a - Sandblast             Erth           50%        2d12      1%          1
b - Stone Arrow           Conj/Erth      44%        3d9       4%          3

Your spell library contained the following spells:

 Spells                   Type           Power      Damage    Failure   Level
 Passwall                 Erth           25%        N/A       3%          3
 Brom's Barrelling Bould  Conj/Erth      22%        2d4       16%         4
 Petrify                  Alch/Erth      14%        N/A       38%         4


Dungeon Overview and Level Annotations

Branches:
Dungeon (4/15)              Sewer (visited)
 Temple: D:4-7

Altars:
Okawaru

Shops:
D:1 (


Innate Abilities, Weirdness & Mutations

You are immune to sickness and miasma.
Your stone body is resilient. (AC +4)
You are immune to poison.
You resist negative energy. (rN+)
You are resistant to electric shocks. (rElec)
You are resistant to unholy torment.
You are immune to petrification.


Message History

You can't see any susceptible monsters within range! (Use Z to cast anyway.)
You can't see any susceptible monsters within range! (Use Z to cast anyway.)
You can't see any susceptible monsters within range! (Use Z to cast anyway.)
A kobold is nearby!
The blast of sand hits the kobold!
You kill the kobold!
Things that are here:
a +0 dagger; 2 stones; a kobold corpse
Found a ring mail.
No target in view!
You can't see any susceptible monsters within range! (Use Z to cast anyway.)
Found an iron altar of Okawaru.
No target in view!
You can't see any susceptible monsters within range! (Use Z to cast anyway.)
You open the door.
There is an open door here.
An endoplasm comes into view.
The blast of sand hits the endoplasm!
You kill the endoplasm!
You can't see any susceptible monsters within range! (Use Z to cast anyway.)
The ball python hisses angrily.
A ball python is nearby!
The blast of sand hits the ball python!
You kill the ball python!
You see here a ball python corpse.
You open the door.
There is an open door here.
Done exploring.
You can't see any susceptible monsters within range! (Use Z to cast anyway.) No target in view!
Done exploring.
You can't see any susceptible monsters within range! (Use Z to cast anyway.) Key pressed, stopping explore.
No target in view!
You can't see any susceptible monsters within range! (Use Z to cast anyway.) Done exploring.
No target in view!
You can't see any susceptible monsters within range! (Use Z to cast anyway.) Done exploring.
Are you sure you want to abandon this character and quit the game? (Confirm with "yes".)

'...+.#.......#.'...+..#.##
#####.#+#...#+#.######...#
..#.....#...#.....#####.##
..+.....##'##.....'.##..#
..#.....#...#.....#.##.##
#####.#'#...#+#.###....#
+...'.#.......#.+.#..###
#...#####...#####...##
......#.+...+...@.###
#...#'#.######.####
#...#.....##...#
##'##.....'..###
##.##.....#..#
...##+#.###.##
......#.+.#.# ......###.#.#
...#......#.#


There were no monsters in sight!

Vanquished Creatures
  A phantom (D:4)
  2 kobold brigands (Sewer)
  An orc priest (D:3)
  A sleepcap (D:4)
  Jessica (D:3)
  An iguana (D:4)
  2 orc wizards (D:3)
  Robin (D:2)
  3 adders
  A river rat (D:4)
  A dart slug (D:2)
  A ribbon worm (D:2)
  11 orcs
  7 endoplasms
  6 giant cockroaches
  9 goblins
  A hobgoblin (D:4)
  2 jackals (D:2)
  3 quokkas
  14 ball pythons
  5 bats
  5 frilled lizards
  21 kobolds
  10 rats
110 creatures vanquished.

Notes
Turn   | Place    | Note
-------+----------+-------------------------------------------
     0 | D:1      | CougarLife the Gargoyle Earth Elementalist began the quest
                  | for the Orb.
     0 | D:1      | Reached XP level 1. HP: 10/10 MP: 3/3
   284 | D:1      | Reached XP level 2. HP: 15/15 MP: 3/5
   333 | D:1      | Found a faded altar of an unknown god.
   525 | D:1      | Reached skill level 4 in Earth Magic
   732 | D:1      | Found Woytepokh's Weapon Emporium.
   745 | D:1      | Reached XP level 3. HP: 19/19 MP: 3/6
  1475 | D:2      | Noticed Robin
  1493 | D:2      | Killed Robin
  1494 | D:2      | Reached XP level 4. HP: 10/24 MP: 0/8
  2573 | D:3      | Reached XP level 5. HP: 25/28 MP: 4/9
  2627 | D:3      | Learned a level 3 spell: Stone Arrow
  2778 | D:3      | Reached skill level 5 in Earth Magic
  2888 | D:3      | Noticed Jessica
  2891 | D:3      | Killed Jessica
  3558 | D:4      | Reached XP level 6. HP: 32/32 MP: 6/11
  3687 | D:4      | Found a glowing drain.
  3703 | Sewer    | Entered a sewer
  4270 | D:4      | Reached skill level 6 in Earth Magic
  4270 | D:4      | Reached XP level 7. HP: 36/36 MP: 8/13
  4808 | D:4      | Found an iron altar of Okawaru.
  4987 | D:4      | Quit the game

Illustrated notes

Levels and vault maps discovered:
D:1:      minmay_arrival_semitransparent, layout_loops_ring, serial_shops,
          nicolae_shop_crystal, basic_ecumenical_altar
D:2:      layout_loops_ring, serial_co_window_serial, co_window_paths_a,
          co_window_corner_a, co_window_corner_a, co_window_cross_1,
          co_window_paths_b, co_window_corner_a, co_window_of_opportunity_a,
          co_window_corner_b, co_window_cross_3, co_window_broadway_c,
          co_window_unsneaky_path_d, co_window_unsneaky_path_c,
          co_window_of_opportunity_b, co_window_paths_e, co_window_4corner_a,
          uniq_robin
D:3:      layout_basic, uniq_jessica
D:4:      nicolae_cairo_tiling_large, layout_basic,
          mainiacjoe_overflow_small_starburst, portal_sewer_entry_b,
          nicolae_tricolors

Skill      XL: |  1  2  3  4  5  6 |
---------------+-------------------+-----
Earth Magic    | 4 5 6 |  6.3
Conjurations   | 2 3 4 |  4.7
Spellcasting   | 3 4 |  4.4
Dodging        | |  1.5
Stealth        | |  2.1

Action                     |  1- 3 |  4- 6 |  7- 9 || total
---------------------------+-------+-------+-------++-------
  Melee: Unarmed           |    36 |     1 |       ||    37
         Dagger            |       |    26 |       ||    26
   Cast: Sandblast         |    53 |    95 |    18 ||   166
 Armour: Robe              |    50 |    97 |     5 ||   152
  Dodge: Dodged            |    39 |    61 |     4 ||   104

Table legend: (Time is in decaauts)
 A = Elapsed time spent in this place.
 B = Non-inter-level travel time spent in this place.
 C = Inter-level travel time spent in this place.
 D = Time resting spent in this place.
 E = Time spent auto-exploring this place.
 F = Levels seen in this place.
 G = Mean time per level.
                   A        B        C        D        E       F      G
               +--------+--------+--------+--------+--------+-----+--------+
         Total |   5102 |   4949 |    153 |    240 |   4010 |   5 | 1020.4 |
       Dungeon |   4540 |   4387 |    153 |    187 |   3608 |   4 | 1135.0 |
         Sewer |    561 |    561 |      0 |     53 |    401 |   1 |  561.0 |
               +--------+--------+--------+--------+--------+-----+--------+

Top non-repeatable levels by time:
     D:2: 1343 daAuts
     D:3: 1113 daAuts
     D:1: 1104 daAuts
     D:4: 979 daAuts
   Sewer: 561 daAuts
